 Dungeon Crawl Stone Soup version 0.19-a0-1920-g83281cb (webtiles) character file.

1644 JeffiDaFish the Cleaver (level 8, -17/71 HPs)
             Began as a Hill Orc Fighter on Oct 24, 2016.
             Was a Follower of Beogh.
             Killed from afar by Arithrix's ghost (24 damage)
             ... with a fireball
             ... on level 7 of the Dungeon.
             The game lasted 00:16:04 (6085 turns).

JeffiDaFish the Cleaver (Hill Orc Fighter)          Turns: 6085, Time: 00:16:04

Health: -17/71     AC: 12    Str: 24    XL:     8   Next: 99%
Magic:  11/11      EV:  6    Int:  8    God:    Beogh [*.....]
Gold:   302        SH: 12    Dex: 10    Spells: 1 memorised, 10 levels left

rFire  . . .     SeeInvis .     a - +1 war axe
rCold  . . .     Gourm    .     o - +0 chain mail
rNeg   . . .     Faith    .     c - +2 shield
rPois  .         Spirit   .     (no helmet)
rElec  .         Reflect  .     w - +1 cloak
rCorr  .         Harm     .     (no gloves)
MR     .....                    (no boots)
Stlth  ..........               (no amulet)
                                (no ring)
                                p - +3 ring of strength

@: very slightly contaminated, hasted, very quick
A: no striking features
a: Renounce Religion


You were on level 7 of the Dungeon.
You worshipped Beogh.
Beogh was aware of your devotion.
You were not hungry.

You visited 1 branch of the dungeon, and saw 7 of its levels.

You collected 302 gold pieces.

Inventory:

Hand Weapons
 a - a +1 war axe (weapon)
Armour
 c - a +2 shield (worn)
 o - a +0 chain mail (worn)
 w - a +1 cloak (worn)
Jewellery
 p - a +3 ring of strength (left hand)
Wands
 q - a wand of heal wounds (2/9)
Scrolls
 e - 3 scrolls of teleportation
 i - 2 scrolls of magic mapping
 k - 4 scrolls of remove curse
 l - 5 scrolls of identify
 m - 2 scrolls of amnesia
Potions
 s - 2 potions of curing
 t - a potion of cure mutation
 u - a potion of haste
Books
 d - a book of Flames

   Spells                             Type                      Level
   a - Flame Tongue                   Conjuration/Fire             1
   b - Throw Flame                    Conjuration/Fire             2
   c - Conjure Flame                  Conjuration/Fire             3
   d - Inner Flame                    Hexes/Fire                   3
   e - Sticky Flame                   Conjuration/Fire             4
   f - Fireball                       Conjuration/Fire             5
 n - a book of Cantrips

   Spells                             Type                      Level
   a - Confusing Touch                Hexes                        1
   b - Animate Skeleton               Necromancy                   1
   c - Summon Small Mammal            Summoning                    1
   d - Apportation                    Translocation                1
Comestibles
 b - a slice of pizza
 f - 3 bread rations
 h - 5 meat rations
 j - a beef jerky
 v - 2 fruits


   Skills:
 * Level 6.6 Fighting
 + Level 8.0 Axes
 + Level 5.5 Armour
 + Level 1.1 Dodging
 + Level 0.1 Stealth
 + Level 5.4 Shields
 * Level 2.3 Spellcasting
 * Level 4.0 Necromancy


You had 10 spell levels left.
You knew the following spells:

 Your Spells              Type           Power        Failure   Level  Hunger
a - Animate Skeleton      Necr           N/A          98%         1    ##.....


Dungeon Overview and Level Annotations

Branches:
Dungeon (7/15)
 Temple: D:4-7

Altars:
Cheibriados
Dithmenos
Gozag
Nemelex Xobeh
Okawaru
Sif Muna
Trog
Zin

Shops:
D:4 }

Annotations:
D:7 Arithrix's ghost, novice GrFE


Message History

You are too injured to fight recklessly!
You are too injured to fight recklessly!
You feel much better.
You are covered in liquid flames!
Arithrix's ghost hits you but does no damage.
You feel yourself speed up.
You are covered in liquid flames!
* * * LOW HITPOINT WARNING * * *
Arithrix's ghost hits you but does no damage.
You are electrocuted!
* * * LOW HITPOINT WARNING * * *
You are very lightly contaminated with residual magic.
You are covered in liquid flames!
* * * LOW HITPOINT WARNING * * *
Okay, then.
You feel better.
You are covered in liquid flames!
Arithrix's ghost casts a spell at you.
The fireball explodes!
The fireball engulfs you!
You die...

####..).......
#####...(#...####
#......##<..##
#......##......#
#......##..#.###
#!.....##....#
###.#####.>.##
...#####.# #..###
........@##....#
##.####........#
#.....W.###.#.#
#####.......#
....#...##
#..###...... ##.
...... ## .#....
.#....


You could see Arithrix's ghost.

Vanquished Creatures
  A hippogriff (D:7)
  An ice beast (D:6)
  2 black bears (D:6)
  An ogre (D:6)
  A necrophage (D:5)
  2 centaurs (D:6)
  The ghost of Jane the Conjurer, an amateur DECj (D:3)
  A centaur zombie (D:6)
  2 crimson imps
  2 hounds
  A jelly (D:5)
  2 orc priests (D:5)
  Crazy Yiuf (D:5)
  A bullfrog skeleton (D:4)
  3 orc wizards
  A centaur skeleton (D:4)
  An iguana (D:6)
  6 worker ants
  A hound zombie (D:5)
  Robin (D:3)
  6 adders
  2 river rats (D:5)
  An ooze (D:2)
  6 worms
  2 dart slugs
  5 leopard geckos
  9 orcs
  A bat (D:3)
  3 giant cockroaches
  11 goblins
  8 hobgoblins
  4 jackals (D:3)
  4 quokkas
  A ball python (D:1)
  5 frilled lizards
  4 kobolds
  9 rats
113 creatures vanquished.

Vanquished Creatures (others)
  A worm (D:4)
1 creature vanquished.

Grand Total: 114 creatures vanquished

Notes
Turn   | Place    | Note
-------+----------+-------------------------------------------
     0 | D:1      | JeffiDaFish the Hill Orc Fighter began the quest for the Orb.
     0 | D:1      | Reached XP level 1. HP: 19/19 MP: 1/1
    52 | D:1      | Reached skill level 3 in Axes
    83 | D:1      | Reached XP level 2. HP: 27/27 MP: 2/2
   606 | D:2      | Reached XP level 3. HP: 24/33 MP: 3/3
  1441 | D:3      | Reached XP level 4. HP: 40/40 MP: 4/4
  1463 | D:3      | Reached skill level 4 in Axes
  1498 | D:3      | Noticed Jane's ghost (amateur DECj)
  1514 | D:3      | Killed Jane's ghost
  1514 | D:3      | Reached XP level 5. HP: 21/47 MP: 5/5
  1733 | D:3      | Learned a level 1 spell: Animate Skeleton
  1771 | D:3      | Noticed Robin
  1784 | D:3      | Killed Robin
  2277 | D:3      | Reached skill level 5 in Axes
  2349 | D:3      | Reached XP level 6. HP: 46/53 MP: 6/6
  2449 | D:4      | Reached skill level 1 in Necromancy
  2476 | D:4      | Became a worshipper of Beogh the Brigand
  2966 | D:4      | Found Lar Zara's Gadget Emporium.
  3353 | D:5      | Entered Level 5 of the Dungeon
  3436 | D:5      | Reached skill level 5 in Fighting
  3437 | D:5      | Reached skill level 6 in Axes
  3437 | D:5      | Reached XP level 7. HP: 56/61 MP: 8/8
  3526 | D:5      | Reached skill level 1 in Spellcasting
  4020 | D:5      | Found a runed door.
  4024 | D:5      | Noticed Crazy Yiuf
  4036 | D:5      | Killed Crazy Yiuf
  4303 | D:5      | Reached skill level 5 in Armour
  4754 | D:6      | Reached * piety under Beogh
  4791 | D:6      | Found a bloodstained altar of Trog.
  4801 | D:6      | Reached skill level 1 in Dodging
  4801 | D:6      | Reached XP level 8. HP: 48/69 MP: 8/10
  4918 | D:6      | Reached skill level 7 in Axes
  4918 | D:6      | Reached skill level 5 in Shields
  5637 | D:6      | Found an opulent altar of Gozag.
  5645 | D:6      | Found a sparkling altar of Nemelex Xobeh.
  5650 | D:6      | Found a deep blue altar of Sif Muna.
  5661 | D:6      | Found a shadowy altar of Dithmenos.
  5668 | D:6      | Found a glowing silver altar of Zin.
  5673 | D:6      | Found an iron altar of Okawaru.
  5680 | D:6      | Found a snail-covered altar of Cheibriados.
  6055 | D:7      | Noticed a hippogriff
  6066 | D:7      | Killed a hippogriff
  6066 | D:7      | Reached skill level 8 in Axes
  6071 | D:7      | Noticed Arithrix's ghost (novice GrFE)
  6083 | D:7      | HP: 2/71 [burnt (3)]
  6085 | D:7      | Killed from afar by Arithrix's ghost

Vault maps used:
D:1:      lemuel_arrival_rhombus
D:3:      uniq_robin
D:4:      serial_shops, shop, first_bread
D:5:      gup_sewer_entry_spiral, uniq_crazy_yiuf_cottage
D:6:      grunt_temple_overflow_octagram, trog_ov_bears_minmay

Skill      XL: |  1  2  3  4  5  6  7  8 |
---------------+-------------------------+-----
Axes           | 3 4 5 6 8 |  8.0
Fighting       | 4 5 6 |  6.6
Armour         | 4 5 |  5.5
Shields        | 4 5 |  5.4
Necromancy     | 1 2 4 |  4.0
Spellcasting   | 1 2 |  2.3
Dodging        | 1 |  1.1
Stealth        | |  0.1

Action                   |  1- 3 |  4- 6 |  7- 9 || total
-------------------------+-------+-------+-------++-------
Melee: War axe           |    92 |   161 |   219 ||   472
Invok: Convert to Beogh  |       |     1 |       ||     1
  Use: Potion            |     6 |     2 |     5 ||    13
       Scroll            |     7 |     2 |     5 ||    14
  Eat: Chunk             |     2 |     5 |     3 ||    10
       Bread ration      |       |     1 |     1 ||     2
       Royal jelly       |       |       |     1 ||     1
       Fruit             |       |       |     1 ||     1
Armor: Scale mail        |    34 |    25 |       ||    59
       Chain mail        |       |    53 |   121 ||   174
Dodge: Dodged            |    19 |    43 |    59 ||   121
Block: Shield            |    42 |    76 |   124 ||   242
